Sabres vs Kings (R1)

Created - October 22, 2018 at 19:26

Goals
1 2 3 T
Sabres 1 2 1 4
Kings 2 1 0 3
Shots
1 2 3 T
Sabres 9 18 3 30
Kings 6 14 4 24

1st period

1. Kings , Nino Niederreiter 1 (Karl Alzner 2) at 5:35 (PP)
2. Kings , Anze Kopitar 4 (Patric Hornqvist 3) at 8:40
3. Sabres , Vincent Lecavalier 2 (Kurtis Foster 1, Jared Cowen 1) at 11:20

Penalties :
Zach Bogosian (Buf) for Roughing (Double Minor) at 2:50, Zack Kassian (Buf) for Holding (Minor) at 13:14, Brandon Sutter (Buf) for Roughing (Minor) at 16:07

2nd period

4. Kings , Cal Clutterbuck 1 (Jean-Gabriel Pageau 1, Karl Alzner 3) at 6:55
5. Sabres , Zach Bogosian 1 (Ryan O'Reilly 2, Rob Scuderi 2) at 12:27
6. Sabres , Brandon Sutter 1 (Evander Kane 5) at 16:18 (SH)

Penalties :
Zach Bogosian (Buf) for Hooking (Minor) at 16:06, Scottie Upshall (Buf) for Hooking (Minor) at 19:14

3rd period

7. Sabres , Ilya Kovalchuk 1 (Vincent Lecavalier 3, Rob Scuderi 3) at 19:46 (PP)

Penalties :
Johnny Gaudreau (LAK) for Hooking (Minor) at 2:07, Ramzi Abid (LAK) for Boarding (Minor) at 8:37, Ramzi Abid (LAK) for Hooking (Minor) at 18:50

Goalie Stats

Robin Lehner (Buf), 21 saves from 24 shots - (0.875), W, 3-0-0, 60:00 minutes
Jonathan Bernier (LAK), 26 saves from 30 shots - (0.867), L, 2-3-0, 60:00 minutes

Players Stats for Sabres

Player Name              G  A  P  +/- PIM S  H  SB GA TA FO     MP     PP MP  PK MP  
------------------------------------------------------------------------------------
Andrei Loktionov         0  0  0  -1  0   1  1  0  0  1  10/18  12:32   0:00   0:23 
Andrew MacDonald         0  0  0   1  0   3  0  0  0  0  0/0    16:16   0:00   5:43 
Brad Richardson          0  0  0   0  0   2  0  0  0  1  1/3    13:12   0:03   2:19 
Brandon Sutter           1  0  1   1  2   1  1  0  0  0  7/13   11:57   0:00   4:52 
Evander Kane             0  1  1   2  0   3  2  0  1  0  2/3    23:12   2:01   5:51 
Ilya Kovalchuk           1  0  1  -1  0   2  0  1  1  0  1/2    20:34   2:50   4:27 
Jakub Kindl              0  0  0   0  0   0  2  0  0  3  0/0    10:45   0:01   1:56 
Jared Cowen              0  1  1   0  0   0  0  1  0  0  0/0    27:14   1:43   5:43 
Kurtis Foster            0  1  1  -1  0   0  0  0  0  0  0/0    18:15   3:11   0:00 
Kyle Okposo              0  0  0   1  0   0  2  0  0  0  1/2    16:34   2:00   0:00 
Matt Martin              0  0  0   0  0   0  3  0  0  0  0/0     6:01   0:17   0:00 
Rob Scuderi              0  2  2   1  0   1  1  4  0  0  0/0    24:11   3:11   4:58 
Ronalds Kenins           0  0  0   0  0   1  1  1  0  0  0/0    10:40   0:03   0:31 
Ryan O'Reilly            0  1  1   1  0   2  0  0  0  0  9/15   17:27   2:01   0:44 
Scottie Upshall          0  0  0   0  2   0  0  0  0  0  0/0     6:30   0:00   0:00 
Vincent Lecavalier       1  1  2   0  0   4  0  0  1  0  5/10   11:56   2:50   0:00 
Zach Bogosian            1  0  1   1  6   4  1  0  0  0  0/0    23:50   1:42   3:02 
Zack Kassian             0  0  0  -1  2   6  3  1  1  0  2/2    18:08   2:37   2:15 

Players Stats for Kings

Player Name              G  A  P  +/- PIM S  H  SB GA TA FO     MP     PP MP  PK MP  
------------------------------------------------------------------------------------
Anze Kopitar             1  0  1  -1  0   2  3  0  0  0  12/29  20:02   5:44   1:36 
Cal Clutterbuck          1  0  1   1  0   1  3  0  0  0  1/1    10:48   0:34   1:05 
Drew Doughty             0  0  0  -2  0   3  1  0  0  1  0/0    25:33   6:30   2:03 
Guillaume Latendresse    0  0  0  -1  0   5  1  1  1  0  1/4    19:07   4:23   2:37 
Jean-Gabriel Pageau      0  1  1   1  0   2  4  0  1  0  5/8    16:01   4:11   0:28 
Johnny Gaudreau          0  0  0  -1  2   2  1  1  1  0  0/1    18:53   5:44   0:42 
Jon Merrill              0  0  0  -1  0   0  1  1  0  1  0/0    18:51   0:00   2:51 
Karl Alzner              0  2  2   1  0   1  2  1  0  2  0/0    19:22   4:11   2:37 
Nikita Kucherov          0  0  0   0  0   1  1  0  1  0  0/1    16:33   4:23   0:00 
Nino Niederreiter        1  0  1  -1  0   2  1  0  0  0  0/0    11:33   0:34   0:00 
Patric Hornqvist         0  1  1  -1  0   2  1  0  1  0  0/0    17:47   5:44   0:00 
Paul Martin              0  0  0  -1  0   0  0  1  0  0  0/0    21:34   6:30   0:00 
Pierre-Marc Bouchard     0  0  0   0  0   0  0  0  0  0  3/9    15:41   4:23   0:00 
Radko Gudas              0  0  0   1  0   0  1  0  0  0  0/0    13:17   0:00   2:03 
Ramzi Abid               0  0  0   1  4   1  1  0  0  0  0/0    10:13   0:00   0:40 
Scott Hartnell           0  0  0   0  0   1  2  0  0  0  0/1    14:11   0:34   2:40 
Trevor Daley             0  0  0   0  0   0  2  1  0  0  0/0    14:38   0:00   0:14 
Valtteri Filppula        0  0  0  -1  0   1  1  0  0  0  8/14   10:59   0:00   0:00 

3 Stars

1 - Rob Scuderi (Buf)
2 - Vincent Lecavalier (Buf)
3 - Cal Clutterbuck (LAK)

Power Play

Sabres - 1 on 3 Attempt(s) - 33.33%
Kings - 1 on 6 Attempt(s) - 16.67%

Penalty Kill

Sabres - 5 on 6 Attempt(s) - 83.33% - Score 1 goal in Penalty Kill
Kings - 2 on 3 Attempt(s) - 66.67% - Score 0 goal in Penalty Kill

Team Stat

Sabres - Hits : 17 - Faceoff Wins : 38 - Blocked Shots : 8 - Penalty Minutes : 12
Kings - Hits : 26 - Faceoff Wins : 30 - Blocked Shots : 6 - Penalty Minutes : 6

Official

Referees : Unknown
Linesman : Unknown

Game Notes

No Game Note

Finance

Level 1 -- Attendance: 5324 (88.73%) -- Ticket Income $479,160
Level 2 -- Attendance: 3933 (78.66%) -- Ticket Income $255,645
Level 3 -- Attendance: 1512 (75.60%) -- Ticket Income $60,480
Level 4 -- Attendance: 3262 (81.55%) -- Ticket Income $97,860
Luxury Box -- Attendance: 939 (93.90%) -- Ticket Income $136,155
Game was played at the Staples Center.
Total Attendance: 14970 (83.17%)
Total Ticket Income: $1,029,300
Other Income: $154,395
Total Income: $1,183,695

Sabres

5 vs 5 Forward 
   Center                   Left Wing                Right Wing               Time % Phy DF OF 
 1 Ryan O'Reilly            Evander Kane             Kyle Okposo              40     0   1  4  
 2 Andrei Loktionov         Ilya Kovalchuk           Zack Kassian             30     0   1  4  
 3 Vincent Lecavalier       Ronalds Kenins           Brad Richardson          20     0   1  4  
 4 Brandon Sutter           Matt Martin              Scottie Upshall          10     1   1  3  

5 vs 5 Defense 
   Defense                  Defense                                           Time % Phy DF OF 
 1 Zach Bogosian            Rob Scuderi                                       40     0   3  2  
 2 Jared Cowen              Kurtis Foster                                     35     0   3  2  
 3 Jakub Kindl              Andrew MacDonald                                  15     0   5  0  
 4 Zach Bogosian            Jared Cowen                                       10     0   3  2  

PowerPlay Forward 
   Center                   Left Wing                Right Wing               Time % Phy DF OF 
 1 Ryan O'Reilly            Evander Kane             Kyle Okposo              50     0   0  5  
 2 Vincent Lecavalier       Ilya Kovalchuk           Zack Kassian             50     0   0  5  

PowerPlay Defense
   Defense                  Defense                                           Time % Phy DF OF 
 1 Kurtis Foster            Rob Scuderi                                       50     0   1  4  
 2 Zach Bogosian            Jared Cowen                                       50     0   1  4  

Penalty Kill 4 Players Forward 
   Center                   Wing                     Time % Phy DF OF 
 1 Brandon Sutter           Evander Kane             60     0   5  0  
 2 Ilya Kovalchuk           Zack Kassian             40     0   5  0  

Penalty Kill 4 Players Defense
   Defense                  Defense                  Time % Phy DF OF 
 1 Jared Cowen              Andrew MacDonald         60     0   5  0  
 2 Zach Bogosian            Rob Scuderi              40     0   5  0  

Penalty Kill - 3 Players Forward 
   Forward                                           Time % Phy DF OF 
 1 Brandon Sutter                                    60     0   5  0  
 2 Ilya Kovalchuk                                    40     0   5  0  

Penalty Kill - 3 Players Defense
   Defense                  Defense                  Time % Phy DF OF 
 1 Rob Scuderi              Jared Cowen              60     0   5  0  
 2 Zach Bogosian            Andrew MacDonald         40     0   5  0  

4 vs 4 Forward 
   Center                   Wing                     Time % Phy DF OF 
 1 Ilya Kovalchuk           Vincent Lecavalier       60     0   2  3  
 2 Evander Kane             Andrei Loktionov         40     0   2  3  

4 vs 4 Defense
   Defense                  Defense                  Time % Phy DF OF 
 1 Zach Bogosian            Jared Cowen              60     0   3  2  
 2 Kurtis Foster            Rob Scuderi              40     0   3  2  

Last Minutes Offensive
   Center                   Left Wing                Right Wing               Defense                  Defense                  
   Vincent Lecavalier       Ilya Kovalchuk           Kyle Okposo              Zach Bogosian            Andrew MacDonald         

Last Minutes Defensive
   Center                   Left Wing                Right Wing               Defense                  Defense                  
   Brandon Sutter           Ilya Kovalchuk           Zack Kassian             Zach Bogosian            Jared Cowen              

Goaltenders
Starting : Robin Lehner             
Backup : Jonas Hiller             

Extra Forwards
Normal : Brandon Sutter, Ryan O'Reilly, Brad Richardson - PP : Matt Martin, Ryan O'Reilly - PK : Brad Richardson
Extra Defensemen
Normal : Jakub Kindl, Andrew MacDonald, Jared Cowen - PP : Jakub Kindl - PK : Andrew MacDonald, Jared Cowen
Penalty Shots
Ilya Kovalchuk, Vincent Lecavalier, Evander Kane, Andrei Loktionov, Kyle Okposo

Scratches
Darcy Hordichuk (Healthy), Darren Reid (Healthy), Jordan Leopold (Healthy), Michael Kostka (Torso Injury)

Kings

5 vs 5 Forward 
   Center                   Left Wing                Right Wing               Time % Phy DF OF 
 1 Anze Kopitar             Johnny Gaudreau          Patric Hornqvist         30     2   1  2  
 2 Valtteri Filppula        Guillaume Latendresse    Nino Niederreiter        25     2   1  2  
 3 Pierre-Marc Bouchard     Scott Hartnell           Nikita Kucherov          25     1   2  2  
 4 Jean-Gabriel Pageau      Ramzi Abid               Cal Clutterbuck          20     1   3  1  

5 vs 5 Defense 
   Defense                  Defense                                           Time % Phy DF OF 
 1 Drew Doughty             Jon Merrill                                       40     1   3  1  
 2 Paul Martin              Trevor Daley                                      35     1   3  1  
 3 Karl Alzner              Radko Gudas                                       25     1   3  1  
 4 Drew Doughty             Paul Martin                                       0      1   2  2  

PowerPlay Forward 
   Center                   Left Wing                Right Wing               Time % Phy DF OF 
 1 Anze Kopitar             Johnny Gaudreau          Patric Hornqvist         60     0   1  4  
 2 Pierre-Marc Bouchard     Guillaume Latendresse    Nikita Kucherov          40     0   1  4  

PowerPlay Defense
   Defense                  Defense                                           Time % Phy DF OF 
 1 Drew Doughty             Paul Martin                                       60     0   3  2  
 2 Jean-Gabriel Pageau      Karl Alzner                                       40     0   3  2  

Penalty Kill 4 Players Forward 
   Center                   Wing                     Time % Phy DF OF 
 1 Guillaume Latendresse    Scott Hartnell           60     0   4  1  
 2 Cal Clutterbuck          Ramzi Abid               40     0   4  1  

Penalty Kill 4 Players Defense
   Defense                  Defense                  Time % Phy DF OF 
 1 Jon Merrill              Karl Alzner              60     1   4  0  
 2 Radko Gudas              Drew Doughty             40     1   4  0  

Penalty Kill - 3 Players Forward 
   Forward                                           Time % Phy DF OF 
 1 Anze Kopitar                                      60     1   4  0  
 2 Guillaume Latendresse                             40     1   4  0  

Penalty Kill - 3 Players Defense
   Defense                  Defense                  Time % Phy DF OF 
 1 Drew Doughty             Jon Merrill              60     0   5  0  
 2 Radko Gudas              Karl Alzner              40     0   4  0  

4 vs 4 Forward 
   Center                   Wing                     Time % Phy DF OF 
 1 Anze Kopitar             Patric Hornqvist         60     1   2  2  
 2 Pierre-Marc Bouchard     Guillaume Latendresse    40     1   2  2  

4 vs 4 Defense
   Defense                  Defense                  Time % Phy DF OF 
 1 Drew Doughty             Karl Alzner              60     1   2  2  
 2 Trevor Daley             Paul Martin              40     1   2  2  

Last Minutes Offensive
   Center                   Left Wing                Right Wing               Defense                  Defense                  
   Anze Kopitar             Guillaume Latendresse    Patric Hornqvist         Drew Doughty             Paul Martin              

Last Minutes Defensive
   Center                   Left Wing                Right Wing               Defense                  Defense                  
   Anze Kopitar             Guillaume Latendresse    Nino Niederreiter        Drew Doughty             Jon Merrill              

Goaltenders
Starting : Jonathan Bernier         
Backup : Pascal Leclaire          

Extra Forwards
Normal : Anze Kopitar, Guillaume Latendresse, Scott Hartnell - PP : Scott Hartnell, Nino Niederreiter - PK : Anze Kopitar
Extra Defensemen
Normal : Drew Doughty, Paul Martin, Karl Alzner - PP : Trevor Daley - PK : Trevor Daley, Paul Martin
Penalty Shots
Anze Kopitar, Guillaume Latendresse, Patric Hornqvist, Nikita Kucherov, Drew Doughty

Scratches
Staffan Kronwall (Healthy)

% Time on Ice - Sabres

Lines # - Real PCT - Wanted PCT - Time Play
Normal Forward
1 - 36% - 40% - 15:59
2 - 29% - 30% - 12:58
3 - 22% - 20% - 9:33
4 - 13% - 10% - 5:42
Normal Defense
1 - 39% - 40% - 17:11
2 - 38% - 35% - 16:39
3 - 19% - 15% - 8:35
4 - 4% - 10% - 1:47
PP Forward
1 - 42% - 50% - 2:04
2 - 58% - 50% - 2:50
PP Defense
1 - 65% - 50% - 3:11
2 - 35% - 50% - 1:43
PK Forward
1 - 72% - 60% - 7:39
2 - 28% - 40% - 3:02
PK Defense
1 - 54% - 60% - 5:43
2 - 46% - 40% - 4:58
PK3 Forward
1 - 0% - 60%
2 - 0% - 40%
PK3 Defense
1 - 0% - 60%
2 - 0% - 40%
44 Forward
1 - 0% - 60%
2 - 0% - 40%
44 Defense
1 - 0% - 60%
2 - 0% - 40%
Last Minute Offensive  - 0:00
Last Minute Defensive  - 0:13
Total
Forward - 60:00
Defense - 60:00

% Time on Ice - Kings

Lines # - Real PCT - Wanted PCT - Time Play
Normal Forward
1 - 28% - 30% - 12:21
2 - 28% - 25% - 12:20
3 - 23% - 25% - 10:22
4 - 21% - 20% - 9:09
Normal Defense
1 - 35% - 40% - 15:17
2 - 43% - 35% - 18:52
3 - 21% - 25% - 9:25
4 - 1% - 0% - 0:38
PP Forward
1 - 59% - 60% - 6:18
2 - 41% - 40% - 4:23
PP Defense
1 - 61% - 60% - 6:30
2 - 39% - 40% - 4:11
PK Forward
1 - 78% - 60% - 3:49
2 - 22% - 40% - 1:05
PK Defense
1 - 58% - 60% - 2:51
2 - 42% - 40% - 2:03
PK3 Forward
1 - 0% - 60%
2 - 0% - 40%
PK3 Defense
1 - 0% - 60%
2 - 0% - 40%
44 Forward
1 - 0% - 60%
2 - 0% - 40%
44 Defense
1 - 0% - 60%
2 - 0% - 40%
Last Minute Offensive  - 0:13
Last Minute Defensive  - 0:00
Total
Forward - 60:00
Defense - 60:00

Play by Play

1st period


0:01 of 1st period - Ryan O'Reilly wins face-off versus Anze Kopitar in neutral zone.
0:11 of 1st period - Slapshot by Patric Hornqvist.
0:11 of 1st period - Shot Misses the Net.
0:13 of 1st period - Slapshot by Drew Doughty.
0:13 of 1st period - Shot Blocked by Rob Scuderi.
0:15 of 1st period - Slapshot by Drew Doughty.
0:15 of 1st period - Deflect By Anze Kopitar.
0:15 of 1st period - Shot Misses the Net.
0:15 of 1st period - Puck is out of play.
0:16 of 1st period - Valtteri Filppula wins face-off versus Andrei Loktionov in Sabres zone.
0:19 of 1st period - Snap shot by Guillaume Latendresse.
0:19 of 1st period - Stopped by Robin Lehner without a rebound.
0:20 of 1st period - Valtteri Filppula wins face-off versus Andrei Loktionov in Sabres zone.
2:06 of 1st period - Zack Kassian is hit by Drew Doughty and loses puck.
2:17 of 1st period - Wrist shot by Nikita Kucherov.
2:17 of 1st period - Shot Misses the Net.
2:50 of 1st period - Double Minor Penalty to Zach Bogosian for Roughing.
2:51 of 1st period - Brandon Sutter wins face-off versus Anze Kopitar in Sabres zone.
2:57 of 1st period - Wrist shot by Evander Kane.
2:57 of 1st period - Deflect By Brandon Sutter.
2:57 of 1st period - Shot Blocked by Johnny Gaudreau.
2:57 of 1st period - Puck is out of play.
2:58 of 1st period - Anze Kopitar wins face-off versus Brandon Sutter in Kings zone.
3:04 of 1st period - Off-side.
3:05 of 1st period - Anze Kopitar wins face-off versus Brandon Sutter in neutral zone.
3:36 of 1st period - Paul Martin is hit by Jakub Kindl and loses puck.
4:49 of 1st period - Paul Martin is hit by Jakub Kindl and loses puck.
5:15 of 1st period - Rob Scuderi is hit by Karl Alzner and loses puck.
5:30 of 1st period - Ilya Kovalchuk is hit by Cal Clutterbuck and loses puck.
5:35 of 1st period - Wrist shot by Nino Niederreiter.
5:35 of 1st period - Goal by Nino Niederreiter - Sabres : 0 - Kings : 1.
5:36 of 1st period - Ryan O'Reilly wins face-off versus Anze Kopitar in neutral zone.
5:43 of 1st period - Slapshot by Ryan O'Reilly.
5:43 of 1st period - Shot Misses the Net.
5:51 of 1st period - Snap shot by Johnny Gaudreau.
5:51 of 1st period - Shot Blocked by Rob Scuderi.
8:16 of 1st period - Snap shot by Ilya Kovalchuk.
8:16 of 1st period - Shot Misses the Net.
8:40 of 1st period - Snap shot by Anze Kopitar.
8:40 of 1st period - Goal by Anze Kopitar - Sabres : 0 - Kings : 2.
8:41 of 1st period - Anze Kopitar wins face-off versus Andrei Loktionov in neutral zone.
9:50 of 1st period - Jakub Kindl is hit by Jean-Gabriel Pageau and loses puck.
10:15 of 1st period - Wrist shot by Ryan O'Reilly.
10:15 of 1st period - Stopped by Jonathan Bernier with a rebound.
10:17 of 1st period - Slapshot by Andrew MacDonald.
10:17 of 1st period - Stopped by Jonathan Bernier with a rebound.
10:19 of 1st period - Slapshot by Andrew MacDonald.
10:19 of 1st period - Stopped by Jonathan Bernier without a rebound.
10:20 of 1st period - Andrei Loktionov wins face-off versus Anze Kopitar in Kings zone.
10:31 of 1st period - Snap shot by Andrei Loktionov.
10:31 of 1st period - Shot Blocked by Jon Merrill.
10:52 of 1st period - Snap shot by Evander Kane.
10:52 of 1st period - Stopped by Jonathan Bernier with a rebound.
11:18 of 1st period - Slapshot by Kurtis Foster.
11:18 of 1st period - Shot Blocked by Guillaume Latendresse.
11:20 of 1st period - Slapshot by Kurtis Foster.
11:20 of 1st period - Deflect By Vincent Lecavalier.
11:20 of 1st period - Goal by Vincent Lecavalier - Sabres : 1 - Kings : 2.
11:21 of 1st period - Anze Kopitar wins face-off versus Ryan O'Reilly in neutral zone.
11:27 of 1st period - Off-side.
11:28 of 1st period - Ryan O'Reilly wins face-off versus Anze Kopitar in neutral zone.
11:54 of 1st period - Off-side.
11:55 of 1st period - Andrei Loktionov wins face-off versus Valtteri Filppula in neutral zone.
11:58 of 1st period - Snap shot by Zack Kassian.
11:58 of 1st period - Deflect By Ilya Kovalchuk.
11:58 of 1st period - Deflect By Drew Doughty.
11:58 of 1st period - Shot Misses the Net.
11:58 of 1st period - Puck is out of play.
11:59 of 1st period - Andrei Loktionov wins face-off versus Valtteri Filppula in Kings zone.
12:12 of 1st period - Snap shot by Guillaume Latendresse.
12:12 of 1st period - Shot Blocked by Ilya Kovalchuk.
12:30 of 1st period - Snap shot by Evander Kane.
12:30 of 1st period - Stopped by Jonathan Bernier without a rebound.
12:31 of 1st period - Ryan O'Reilly wins face-off versus Jean-Gabriel Pageau in Kings zone.
12:58 of 1st period - Wrist shot by Nino Niederreiter.
12:58 of 1st period - Stopped by Robin Lehner without a rebound.
12:59 of 1st period - Vincent Lecavalier wins face-off versus Valtteri Filppula in Sabres zone.
12:59 of 1st period - Vincent Lecavalier is hit by Nino Niederreiter.
13:09 of 1st period - Snap shot by Valtteri Filppula.
13:09 of 1st period - Shot Blocked by Jared Cowen.
13:11 of 1st period - Slapshot by Karl Alzner.
13:11 of 1st period - Stopped by Robin Lehner without a rebound.
13:12 of 1st period - Andrei Loktionov wins face-off versus Pierre-Marc Bouchard in Sabres zone.
13:14 of 1st period - Minor Penalty to Zack Kassian for Holding.
13:15 of 1st period - Brandon Sutter wins face-off versus Anze Kopitar in Sabres zone.
13:31 of 1st period - Wrist shot by Evander Kane.
13:31 of 1st period - Deflect By Brandon Sutter.
13:31 of 1st period - Shot Blocked by Paul Martin.
13:31 of 1st period - Puck is out of play.
13:32 of 1st period - Brandon Sutter wins face-off versus Pierre-Marc Bouchard in Kings zone.
13:35 of 1st period - Wrist shot by Evander Kane.
13:35 of 1st period - Shot Misses the Net.
14:03 of 1st period - Backhand shot by Johnny Gaudreau.
14:03 of 1st period - Stopped by Robin Lehner with a rebound.
14:05 of 1st period - Snap shot by Patric Hornqvist.
14:05 of 1st period - Shot Misses the Net.
15:14 of 1st period - Penalty to Zack Kassian is over, Zack Kassian is back on ice.
15:43 of 1st period - Zach Bogosian is hit by Valtteri Filppula and loses puck.
15:56 of 1st period - Pierre-Marc Bouchard is hit by Brandon Sutter and loses puck.
16:07 of 1st period - Minor Penalty to Brandon Sutter for Roughing.
16:08 of 1st period - Anze Kopitar wins face-off versus Brad Richardson in Sabres zone.
17:15 of 1st period - Ilya Kovalchuk is hit by Anze Kopitar and loses puck.
17:33 of 1st period - Icing by Drew Doughty.
17:34 of 1st period - Ilya Kovalchuk wins face-off versus Anze Kopitar in Kings zone.
17:35 of 1st period - Wrist shot by Andrei Loktionov.
17:35 of 1st period - Stopped by Jonathan Bernier without a rebound.
17:36 of 1st period - Anze Kopitar wins face-off versus Andrei Loktionov in Kings zone.
18:03 of 1st period - Wrist shot by Evander Kane.
18:03 of 1st period - Stopped by Jonathan Bernier with a rebound.
18:05 of 1st period - Slapshot by Zach Bogosian.
18:05 of 1st period - Deflect By Evander Kane.
18:05 of 1st period - Shot Misses the Net.
18:05 of 1st period - Puck is out of play.
18:06 of 1st period - Pierre-Marc Bouchard wins face-off versus Brad Richardson in Kings zone.
18:07 of 1st period - Penalty to Brandon Sutter is over, Brandon Sutter is back on ice.
18:42 of 1st period - Andrew MacDonald is hit by Jean-Gabriel Pageau and loses puck.
18:50 of 1st period - Off-side.
18:51 of 1st period - Zack Kassian wins face-off versus Anze Kopitar in neutral zone.
18:59 of 1st period - Slapshot by Zack Kassian.
18:59 of 1st period - Stopped by Jonathan Bernier without a rebound.
19:00 of 1st period - Andrei Loktionov wins face-off versus Anze Kopitar in Kings zone.
19:21 of 1st period - Off-side.
19:22 of 1st period - Evander Kane wins face-off versus Pierre-Marc Bouchard in neutral zone.
19:51 of 1st period - Slapshot by Anze Kopitar.
19:51 of 1st period - Shot Misses the Net.
Goals for this period are 1 for Sabres vs 2 for Kings.
Shots for this period are 9 for Sabres vs 6 for Kings.

2nd period


0:01 of 2nd period - Andrei Loktionov wins face-off versus Anze Kopitar in neutral zone.
0:12 of 2nd period - Wrist shot by Zack Kassian.
0:12 of 2nd period - Stopped by Jonathan Bernier without a rebound.
0:13 of 2nd period - Ryan O'Reilly wins face-off versus Pierre-Marc Bouchard in Kings zone.
1:22 of 2nd period - Snap shot by Brandon Sutter.
1:22 of 2nd period - Deflect By Scottie Upshall.
1:22 of 2nd period - Shot Misses the Net.
1:22 of 2nd period - Puck is out of play.
1:23 of 2nd period - Brandon Sutter wins face-off versus Valtteri Filppula in Kings zone.
1:36 of 2nd period - Slapshot by Zach Bogosian.
1:36 of 2nd period - Shot Blocked by Trevor Daley.
1:56 of 2nd period - Nikita Kucherov is hit by Zach Bogosian and loses puck.
2:19 of 2nd period - Wrist shot by Patric Hornqvist.
2:19 of 2nd period - Stopped by Robin Lehner without a rebound.
2:20 of 2nd period - Andrei Loktionov wins face-off versus Jean-Gabriel Pageau in Sabres zone.
2:45 of 2nd period - Jared Cowen is hit by Johnny Gaudreau and loses puck.
2:50 of 2nd period - Snap shot by Anze Kopitar.
2:50 of 2nd period - Deflect By Johnny Gaudreau.
2:50 of 2nd period - Stopped by Robin Lehner without a rebound.
2:51 of 2nd period - Pierre-Marc Bouchard wins face-off versus Ryan O'Reilly in Sabres zone.
3:20 of 2nd period - Wrist shot by Patric Hornqvist.
3:20 of 2nd period - Stopped by Robin Lehner with a rebound.
3:24 of 2nd period - Wrist shot by Anze Kopitar.
3:24 of 2nd period - Shot Blocked by Zack Kassian.
3:30 of 2nd period - Snap shot by Anze Kopitar.
3:30 of 2nd period - Stopped by Robin Lehner without a rebound.
3:31 of 2nd period - Valtteri Filppula wins face-off versus Ryan O'Reilly in Sabres zone.
3:38 of 2nd period - Evander Kane is hit by Guillaume Latendresse and loses puck.
3:43 of 2nd period - Backhand shot by Guillaume Latendresse.
3:43 of 2nd period - Stopped by Robin Lehner without a rebound.
3:44 of 2nd period - Anze Kopitar wins face-off versus Vincent Lecavalier in Sabres zone.
3:45 of 2nd period - Slapshot by Drew Doughty.
3:45 of 2nd period - Stopped by Robin Lehner without a rebound.
3:46 of 2nd period - Vincent Lecavalier wins face-off versus Anze Kopitar in Sabres zone.
3:53 of 2nd period - Backhand shot by Zach Bogosian.
3:53 of 2nd period - Stopped by Jonathan Bernier with a rebound.
3:55 of 2nd period - Wrist shot by Ronalds Kenins.
3:55 of 2nd period - Stopped by Jonathan Bernier with a rebound.
3:57 of 2nd period - Slapshot by Zach Bogosian.
3:57 of 2nd period - Stopped by Jonathan Bernier with a rebound.
3:59 of 2nd period - Wrist shot by Vincent Lecavalier.
3:59 of 2nd period - Stopped by Jonathan Bernier with a rebound.
4:01 of 2nd period - Wrist shot by Brad Richardson.
4:01 of 2nd period - Stopped by Jonathan Bernier with a rebound.
4:11 of 2nd period - Jared Cowen is hit by Scott Hartnell and loses puck.
4:20 of 2nd period - Wrist shot by Kyle Okposo.
4:20 of 2nd period - Shot Misses the Net.
4:22 of 2nd period - Slapshot by Andrew MacDonald.
4:22 of 2nd period - Stopped by Jonathan Bernier without a rebound.
4:23 of 2nd period - Jean-Gabriel Pageau wins face-off versus Ilya Kovalchuk in Kings zone.
4:40 of 2nd period - Wrist shot by Zack Kassian.
4:40 of 2nd period - Stopped by Jonathan Bernier without a rebound.
4:41 of 2nd period - Ryan O'Reilly wins face-off versus Valtteri Filppula in Kings zone.
5:11 of 2nd period - Wrist shot by Scott Hartnell.
5:11 of 2nd period - Stopped by Robin Lehner without a rebound.
5:12 of 2nd period - Andrei Loktionov wins face-off versus Johnny Gaudreau in Sabres zone.
6:05 of 2nd period - Snap shot by Cal Clutterbuck.
6:05 of 2nd period - Deflect By Rob Scuderi.
6:05 of 2nd period - Shot Blocked by Ronalds Kenins.
6:05 of 2nd period - Puck is out of play.
6:06 of 2nd period - Jean-Gabriel Pageau wins face-off versus Andrei Loktionov in Sabres zone.
6:09 of 2nd period - Slapshot by Jean-Gabriel Pageau.
6:09 of 2nd period - Stopped by Robin Lehner without a rebound.
6:10 of 2nd period - Valtteri Filppula wins face-off versus Andrei Loktionov in Sabres zone.
6:11 of 2nd period - Snap shot by Guillaume Latendresse.
6:11 of 2nd period - Stopped by Robin Lehner with a rebound.
6:13 of 2nd period - Slapshot by Drew Doughty.
6:13 of 2nd period - Shot Blocked by Rob Scuderi.
6:45 of 2nd period - Slapshot by Zach Bogosian.
6:45 of 2nd period - Stopped by Jonathan Bernier without a rebound.
6:46 of 2nd period - Jean-Gabriel Pageau wins face-off versus Vincent Lecavalier in Kings zone.
6:55 of 2nd period - Snap shot by Cal Clutterbuck.
6:55 of 2nd period - Goal by Cal Clutterbuck - Sabres : 1 - Kings : 3.
6:56 of 2nd period - Kyle Okposo wins face-off versus Pierre-Marc Bouchard in neutral zone.
7:23 of 2nd period - Icing by Karl Alzner.
7:24 of 2nd period - Pierre-Marc Bouchard wins face-off versus Andrei Loktionov in Kings zone.
7:41 of 2nd period - Snap shot by Nikita Kucherov.
7:41 of 2nd period - Stopped by Robin Lehner without a rebound.
7:42 of 2nd period - Ryan O'Reilly wins face-off versus Anze Kopitar in Sabres zone.
8:14 of 2nd period - Off-side.
8:15 of 2nd period - Valtteri Filppula wins face-off versus Vincent Lecavalier in neutral zone.
8:28 of 2nd period - Wrist shot by Brad Richardson.
8:28 of 2nd period - Stopped by Jonathan Bernier with a rebound.
8:33 of 2nd period - Off-side.
8:34 of 2nd period - Evander Kane wins face-off versus Jean-Gabriel Pageau in neutral zone.
9:01 of 2nd period - Jared Cowen is hit by Anze Kopitar and loses puck.
9:10 of 2nd period - Slapshot by Ilya Kovalchuk.
9:10 of 2nd period - Shot Misses the Net.
9:12 of 2nd period - Wrist shot by Rob Scuderi.
9:12 of 2nd period - Stopped by Jonathan Bernier with a rebound.
9:23 of 2nd period - Off-side.
9:24 of 2nd period - Valtteri Filppula wins face-off versus Vincent Lecavalier in neutral zone.
9:31 of 2nd period - Wrist shot by Valtteri Filppula.
9:31 of 2nd period - Shot Misses the Net.
9:45 of 2nd period - Wrist shot by Vincent Lecavalier.
9:45 of 2nd period - Shot Misses the Net.
9:56 of 2nd period - Ronalds Kenins is hit by Cal Clutterbuck and loses puck.
11:35 of 2nd period - Wrist shot by Johnny Gaudreau.
11:35 of 2nd period - Deflect By Anze Kopitar.
11:35 of 2nd period - Shot Misses the Net.
11:35 of 2nd period - Puck is out of play.
11:36 of 2nd period - Vincent Lecavalier wins face-off versus Anze Kopitar in Sabres zone.
11:38 of 2nd period - Icing by Ronalds Kenins.
11:39 of 2nd period - Brad Richardson wins face-off versus Pierre-Marc Bouchard in Sabres zone.
12:07 of 2nd period - Wrist shot by Ryan O'Reilly.
12:07 of 2nd period - Stopped by Jonathan Bernier without a rebound.
12:08 of 2nd period - Anze Kopitar wins face-off versus Ryan O'Reilly in Kings zone.
12:27 of 2nd period - Slapshot by Zach Bogosian.
12:27 of 2nd period - Goal by Zach Bogosian - Sabres : 2 - Kings : 3.
12:28 of 2nd period - Andrei Loktionov wins face-off versus Valtteri Filppula in neutral zone.
13:01 of 2nd period - Wrist shot by Zack Kassian.
13:01 of 2nd period - Stopped by Jonathan Bernier without a rebound.
13:02 of 2nd period - Jean-Gabriel Pageau wins face-off versus Evander Kane in Kings zone.
13:02 of 2nd period - Jean-Gabriel Pageau is hit by Evander Kane.
13:19 of 2nd period - Off-side.
13:20 of 2nd period - Andrei Loktionov wins face-off versus Scott Hartnell in neutral zone.
13:47 of 2nd period - Jon Merrill is hit by Kyle Okposo and loses puck.
14:12 of 2nd period - Slapshot by Valtteri Filppula.
14:12 of 2nd period - Deflect By Guillaume Latendresse.
14:12 of 2nd period - Stopped by Robin Lehner without a rebound.
14:13 of 2nd period - Valtteri Filppula wins face-off versus Vincent Lecavalier in Sabres zone.
14:22 of 2nd period - Snap shot by Guillaume Latendresse.
14:22 of 2nd period - Stopped by Robin Lehner with a rebound.
14:32 of 2nd period - Snap shot by Vincent Lecavalier.
14:32 of 2nd period - Stopped by Jonathan Bernier without a rebound.
14:33 of 2nd period - Ryan O'Reilly wins face-off versus Nikita Kucherov in Kings zone.
15:08 of 2nd period - Snap shot by Ilya Kovalchuk.
15:08 of 2nd period - Stopped by Jonathan Bernier with a rebound.
15:30 of 2nd period - Snap shot by Vincent Lecavalier.
15:30 of 2nd period - Stopped by Jonathan Bernier without a rebound.
15:31 of 2nd period - Valtteri Filppula wins face-off versus Ryan O'Reilly in Kings zone.
15:40 of 2nd period - Snap shot by Drew Doughty.
15:40 of 2nd period - Stopped by Robin Lehner with a rebound.
16:06 of 2nd period - Minor Penalty to Zach Bogosian for Hooking.
16:07 of 2nd period - Brandon Sutter wins face-off versus Anze Kopitar in Sabres zone.
16:18 of 2nd period - Wrist shot by Brandon Sutter.
16:18 of 2nd period - Goal by Brandon Sutter - Sabres : 3 - Kings : 3.
16:19 of 2nd period - Brandon Sutter wins face-off versus Anze Kopitar in neutral zone.
18:06 of 2nd period - Penalty to Zach Bogosian is over, Zach Bogosian is back on ice.
18:30 of 2nd period - Ronalds Kenins is hit by Cal Clutterbuck.
19:00 of 2nd period - Valtteri Filppula is hit by Zack Kassian and loses puck.
19:14 of 2nd period - Minor Penalty to Scottie Upshall for Hooking.
19:15 of 2nd period - Brandon Sutter wins face-off versus Anze Kopitar in Sabres zone.
19:51 of 2nd period - Wrist shot by Pierre-Marc Bouchard.
19:51 of 2nd period - Shot Misses the Net.
Goals for this period are 2 for Sabres vs 1 for Kings.
Shots for this period are 18 for Sabres vs 14 for Kings.

3rd period


0:01 of 3rd period - Anze Kopitar wins face-off versus Brandon Sutter in neutral zone.
0:36 of 3rd period - Slapshot by Drew Doughty.
0:36 of 3rd period - Deflect By Jared Cowen.
0:36 of 3rd period - Stopped by Robin Lehner without a rebound.
0:37 of 3rd period - Anze Kopitar wins face-off versus Brandon Sutter in Sabres zone.
0:52 of 3rd period - Wrist shot by Anze Kopitar.
0:52 of 3rd period - Shot Blocked by Rob Scuderi.
0:54 of 3rd period - Slapshot by Jean-Gabriel Pageau.
0:54 of 3rd period - Stopped by Robin Lehner with a rebound.
1:14 of 3rd period - Penalty to Scottie Upshall is over, Scottie Upshall is back on ice.
1:14 of 3rd period - Zack Kassian is hit by Jean-Gabriel Pageau and loses puck.
1:42 of 3rd period - Snap shot by Zack Kassian.
1:42 of 3rd period - Stopped by Jonathan Bernier with a rebound.
2:02 of 3rd period - Snap shot by Ilya Kovalchuk.
2:02 of 3rd period - Deflect By Zack Kassian.
2:02 of 3rd period - Stopped by Jonathan Bernier without a rebound.
2:03 of 3rd period - Ryan O'Reilly wins face-off versus Anze Kopitar in Kings zone.
2:07 of 3rd period - Minor Penalty to Johnny Gaudreau for Hooking.
2:08 of 3rd period - Guillaume Latendresse wins face-off versus Ryan O'Reilly in Kings zone.
2:38 of 3rd period - Wrist shot by Vincent Lecavalier.
2:38 of 3rd period - Shot Blocked by Karl Alzner.
3:17 of 3rd period - Ryan O'Reilly is hit by Anze Kopitar and loses puck.
3:28 of 3rd period - Jean-Gabriel Pageau is hit by Zack Kassian.
3:56 of 3rd period - Jared Cowen is hit by Jon Merrill and loses puck.
4:07 of 3rd period - Penalty to Johnny Gaudreau is over, Johnny Gaudreau is back on ice.
4:42 of 3rd period - Ronalds Kenins is hit by Patric Hornqvist and loses puck.
5:40 of 3rd period - Vincent Lecavalier is hit by Trevor Daley.
6:07 of 3rd period - Jared Cowen is hit by Ramzi Abid and loses puck.
7:19 of 3rd period - Nino Niederreiter is hit by Kyle Okposo and loses puck.
8:16 of 3rd period - Icing by Scott Hartnell.
8:17 of 3rd period - Cal Clutterbuck wins face-off versus Kyle Okposo in Kings zone.
8:17 of 3rd period - Cal Clutterbuck is hit by Rob Scuderi.
8:37 of 3rd period - Minor Penalty to Ramzi Abid for Boarding.
8:38 of 3rd period - Vincent Lecavalier wins face-off versus Guillaume Latendresse in Kings zone.
8:50 of 3rd period - Vincent Lecavalier is hit by Scott Hartnell and loses puck.
9:07 of 3rd period - Scott Hartnell is hit by Evander Kane and loses puck.
10:37 of 3rd period - Penalty to Ramzi Abid is over, Ramzi Abid is back on ice.
13:29 of 3rd period - Ilya Kovalchuk is hit by Nikita Kucherov and loses puck.
13:53 of 3rd period - Rob Scuderi is hit by Trevor Daley.
13:57 of 3rd period - Rob Scuderi is hit by Jean-Gabriel Pageau and loses puck.
14:10 of 3rd period - Karl Alzner is hit by Matt Martin and loses puck.
15:11 of 3rd period - Valtteri Filppula is hit by Andrei Loktionov and loses puck.
15:35 of 3rd period - Kyle Okposo is hit by Radko Gudas and loses puck.
16:25 of 3rd period - Drew Doughty is hit by Zack Kassian and loses puck.
16:46 of 3rd period - Radko Gudas is hit by Matt Martin and loses puck.
17:19 of 3rd period - Trevor Daley is hit by Ronalds Kenins and loses puck.
17:37 of 3rd period - Off-side.
17:38 of 3rd period - Anze Kopitar wins face-off versus Andrei Loktionov in neutral zone.
18:20 of 3rd period - Rob Scuderi is hit by Karl Alzner and loses puck.
18:27 of 3rd period - Wrist shot by Valtteri Filppula.
18:27 of 3rd period - Stopped by Robin Lehner without a rebound.
18:28 of 3rd period - Jean-Gabriel Pageau wins face-off versus Brandon Sutter in Sabres zone.
18:29 of 3rd period - Snap shot by Ramzi Abid.
18:29 of 3rd period - Stopped by Robin Lehner with a rebound.
18:35 of 3rd period - Ramzi Abid is hit by Matt Martin and loses puck.
18:50 of 3rd period - Minor Penalty to Ramzi Abid for Hooking.
18:51 of 3rd period - Vincent Lecavalier wins face-off versus Guillaume Latendresse in Kings zone.
18:58 of 3rd period - Wrist shot by Zack Kassian.
18:58 of 3rd period - Shot Misses the Net.
19:00 of 3rd period - Slapshot by Vincent Lecavalier.
19:00 of 3rd period - Deflect By Ilya Kovalchuk.
19:00 of 3rd period - Shot Misses the Net.
19:00 of 3rd period - Puck is out of play.
19:01 of 3rd period - Zack Kassian wins face-off versus Guillaume Latendresse in Kings zone.
19:46 of 3rd period - Snap shot by Ilya Kovalchuk.
19:46 of 3rd period - Goal by Ilya Kovalchuk - Sabres : 4 - Kings : 3.
19:47 of 3rd period - Anze Kopitar wins face-off versus Brandon Sutter in neutral zone.
Goals for this period are 1 for Sabres vs 0 for Kings.
Shots for this period are 3 for Sabres vs 4 for Kings.